 Dungeon Sprint DCSS version 0.18-a0-373-gaf408bd (webtiles) character file.

24372 Kidiri the Unseen (level 12, -3/64 HPs)
             Began as a Spriggan Enchanter on Nov 29, 2015.
             Was the Champion of Dithmenos.
             Slain by a naga warrior (7 damage)
             ... in the Dungeon (Sprint III: "The Ten Rune Challenge").
             The game lasted 00:18:21 (3001 turns).

Kidiri the Unseen (Spriggan Enchanter)              Turns: 3001, Time: 00:18:22

Health: -3/64      AC:  6    Str:  6    XL:     12   Next: 80%
Magic:  8/32       EV: 32    Int: 20    God:    Dithmenos [******]
Gold:   20         SH:  0    Dex: 20    Spells: 9 memorised, 6 levels left

rFire  . . .     SeeInvis +     t - +0 dagger (venom)
rCold  . . .     Clarity  .     k - +2 robe {MR+}
rNeg   . . .     SustAt   .     (shield restricted)
rPois  .         Gourm    .     (helmet restricted)
rElec  .         Spirit   .     (no cloak)
rCorr  .         Warding  .     (gloves unavailable)
rMut   .         NoTele   +     (boots unavailable)
MR     +++..                    (no amulet)
Stlth  ++++++++++               (no ring)
                                (no ring)

@: lethally poisoned (-3 -> -9), wreathed by umbra, constricted, very quick,
extremely resistant to hostile enchantments, uncannily stealthy
A: unfitting armour, slimy green scales 1, see invisible, agile 1, herbivore 3,
speed 3, screaming 1, slow metabolism 2, strong 1
a: Shadow Step, Shadow Form, Renounce Religion


You were in the Dungeon.
You worshipped Dithmenos.
Dithmenos was exalted by your worship.
You were full.

You visited 1 branch You collected 20 gold pieces.

Inventory:

Hand Weapons
 b - a +2 dagger of holy wrath
 t - a +0 dagger of venom (weapon)
Armour
 k - a +2 robe of magic resistance (worn)
Wands
 a - a wand of frost (32)
Scrolls
 l - a scroll of torment
 q - a scroll of holy word
Potions
 g - a potion of haste
 h - 2 potions of magic
 i - 2 potions of berserk rage
 o - 5 potions of cure mutation
 p - 2 potions of flight
 s - a potion of agility
Comestibles
 n - 11 fruits
 r - 30 royal jellies


   Skills:
 + Level 8.0 Fighting
 * Level 13.8 Short Blades
 + Level 7.2 Armour
 * Level 17.7 Dodging
 * Level 19.3 Stealth
 * Level 15.2 Spellcasting
 + Level 7.1 Conjurations
 + Level 11.6 Hexes
 + Level 8.0 Ice Magic
 + Level 7.3 Air Magic
 - Level 2.2 Invocations


You had 6 spell levels left.
You knew the following spells:

 Your Spells              Type           Power        Failure   Level  Hunger
a - Corona                Hex            ######.      1%          1    None
b - Ensorcelled Hibernat  Hex/Ice        ######       1%          2    None
c - Confuse               Hex            ######..     1%          3    None
d - Tukima's Dance        Hex            ######..     1%          3    None
e - Dazzling Spray        Conj/Hex       ######..     1%          3    None
f - Metabolic Englaciati  Hex/Ice        ######....   1%          5    ###....
g - Freezing Cloud        Conj/Ice/Air   #####.....   34%         6    #####..
h - Bolt of Cold          Conj/Ice       #####.....   34%         6    #####..
i - Ozocubu's Refrigerat  Ice            #####.....   28%         6    #####..


Dungeon Overview and Level Annotations

Branches:
Dungeon (1/1)

Altars:
Cheibriados
Dithmenos
Elyvilon
Fedhas
Gozag
Kikubaaqudgha
Makhleb
Nemelex Xobeh
Okawaru
Qazlal
Ru
Sif Muna
Trog
Vehumet
Xom
Yredelemnul
Zin
The Shining One
Jiyva
Lugonu

Shops:
D ?}(}?(


Innate Abilities, Weirdness & Mutations

You are tiny and cannot use many weapons and most armour.
You have supernaturally acute eyesight.
You are a herbivore.
You cover ground extremely quickly.
You need consume almost no food.
You are partially covered in slimy green scales (AC +2).
You are agile. (Dex +2)
You occasionally shout uncontrollably at your foes.
Your muscles are strong. (Str +2)


Message History

Read which item? (? for menu, Esc to quit)
Okay, then.
Unknown command.
Casting: Dazzling Spray
Confirm with . or Enter, or press ? or * to list all spells.
Aiming: Dazzling Spray
Press: ? - help, Shift-Dir - straight line, f/p - naga warrior
Aim: a naga warrior (black smoke, heavily wounded, constricting you, umbra)
The spray of energy hits the naga warrior.
The naga warrior is severely wounded.
The naga warrior is dazzled.
The spray of energy hits the greater naga.
The greater naga is almost dead.
Your shadow mimicks your spell!
The shadow shard hits the naga warrior.
* * * LOW HITPOINT WARNING * * *
You feel sick. The greater naga casts a spell at you.
The bolt of poison misses you. The naga warrior hits you!
You die...

###########..#
♣.♣♣
##........%..#
♣♣.♣
#........%%.##
♣.♣♣
#..##########
♣.♣♣
#.....%.....##
♣..♣
##.%...%.....#
♣♣.♣♣
##########..#
♣♣%♣
##...)§NN§...#
♣♣..♣♣♣♣♣
#∩....†@§§..##
♣.≈≈§..§§
#∩.##########
♣.≈..§.§§ #∩
♣.♣...§§. #
♣♣♣♣♣♣♣♣∩


You could see a naga warrior (blind) and a greater naga.

Vanquished Creatures
  Rupert (D)
  Maud (D)
  Josephine (D)
  2 hydras (D)
  5 anacondas (D)
  A centaur warrior (D)
  4 death yaks (D)
  3 death drakes (D)
  A spriggan druid (D)
  A lindwurm (D)
  An unseen horror (D)
  2 spiny frogs (D)
  6 black mambas (D)
  A fire drake (D)
  A komodo dragon (D)
  A queen bee (D)
  A deep elf priest (D)
  3 wandering mushrooms (D)
  8 blink frogs (D)
  2 giant leeches (D)
  A shadow (D)
  3 redbacks (D)
  2 spriggans (D)
  A spatial vortex (D)
  A swamp drake (D)
  4 water moccasins (D)
  A necrophage (D)
  An earth elemental (D)
  2 centaurs (D)
  A water elemental (D)
  32 killer bees (D)
  An electric eel (D)
  A wizard (D)
  A jelly (D)
  Jessica (D)
  A wolf (D)
  A necromancer (D)
  3 humans (D)
  A kobold demonologist (D)
  3 adders (D)
  2 oozes (D)
  A rat (D)
  4 plants (D)
115 creatures vanquished.

Vanquished Creatures (collateral kills)
  2 nagas (D)
2 creatures vanquished.

Vanquished Creatures (others)
  2 draconian scorchers (D)
  A dancing weapon (D)
  2 yaktaurs (D)
  7 plants (D)
12 creatures vanquished.

Grand Total: 129 creatures vanquished

Notes
Turn   | Place    | Note
--------------------------------------------------------------
     0 | D        | Kidiri the Spriggan Enchanter began the quest for the Orb.
     0 | D        | Reached XP level 1. HP: 9/9 MP: 5/5
    17 | D        | Reached skill level 5 in Stealth
    17 | D        | Reached XP level 2. HP: 7/14 MP: 7/7
    21 | D        | Learned a level 2 spell: Ensorcelled Hibernation
   186 | D        | Noticed Jessica
   188 | D        | Killed Jessica
   188 | D        | Reached skill level 1 in Fighting
   188 | D        | Reached skill level 1 in Armour
   188 | D        | Reached skill level 6 in Stealth
   188 | D        | Reached XP level 3. HP: 18/18 MP: 7/9
   189 | D        | Killed a white draconian scorcher
   195 | D        | Learned a level 3 spell: Confuse
   199 | D        | Learned a level 3 spell: Dazzling Spray
   217 | D        | Killed a white draconian scorcher
   245 | D        | Reached skill level 5 in Dodging
   245 | D        | Reached skill level 1 in Ice Magic
   257 | D        | Reached skill level 7 in Stealth
   257 | D        | Reached XP level 4. HP: 22/22 MP: 4/11
   262 | D        | Learned a level 3 spell: Tukima's Dance
   345 | D        | Gained mutation: You are partially covered in slimy green scales (AC +2). [potion of mutation]
   345 | D        | Gained mutation: You are dopey. (Int -2) [potion of mutation]
   345 | D        | Gained mutation: You are agile. (Dex +2) [potion of mutation]
   346 | D        | Gained mutation: You occasionally shout uncontrollably at your foes. [potion of mutation]
   346 | D        | Lost mutation: You are dopey. (Int -2) [potion of mutation]
   346 | D        | Gained mutation: Your muscles are strong. (Str +2) [potion of mutation]
   365 | D        | Reached skill level 5 in Spellcasting
   365 | D        | Reached skill level 1 in Conjurations
   382 | D        | Noticed a shadow
   384 | D        | Killed a shadow
   384 | D        | Reached skill level 5 in Short Blades
   384 | D        | Reached skill level 9 in Stealth
   384 | D        | Reached skill level 5 in Hexes
   384 | D        | Reached XP level 5. HP: 27/27 MP: 13/15
   384 | D        | Reached XP level 6. HP: 32/32 MP: 13/16
   398 | D        | Killed a yaktaur
   435 | D        | Found a stormy altar of Qazlal.
   435 | D        | Noticed a spatial vortex
   436 | D        | Found a sacrificial altar of Ru.
   436 | D        | Found a burning altar of Makhleb.
   436 | D        | Found a viscous altar of Jiyva.
   436 | D        | Found a shimmering altar of Xom.
   436 | D        | Found a shadowy altar of Dithmenos.
   436 | D        | Found a sparkling altar of Nemelex Xobeh.
   436 | D        | Found a corrupted altar of Lugonu.
   436 | D        | Found an opulent altar of Gozag.
   440 | D        | Became a worshipper of Dithmenos the Shadowed
   477 | D        | Killed a spatial vortex
   477 | D        | Reached skill level 10 in Stealth
   477 | D        | Reached skill level 1 in Invocations
   581 | D        | Found a radiant altar of Vehumet.
   582 | D        | Found a deep blue altar of Sif Muna.
   582 | D        | Found an ancient bone altar of Kikubaaqudgha.
   609 | D        | Learned a level 5 spell: Metabolic Englaciation
   617 | D        | Found a glowing silver altar of Zin.
   618 | D        | Found a glowing golden altar of the Shining One.
   618 | D        | Found a white marble altar of Elyvilon.
   618 | D        | Noticed a deep elf priest
   620 | D        | Killed a deep elf priest
   620 | D        | Reached * piety under Dithmenos
   620 | D        | Reached XP level 7. HP: 36/36 MP: 17/19
   637 | D        | Found an iron altar of Okawaru.
   638 | D        | Found a bloodstained altar of Trog.
   638 | D        | Noticed a human
   638 | D        | Noticed a human
   641 | D        | Killed a human
   641 | D        | Reached skill level 10 in Dodging
   641 | D        | Reached skill level 11 in Stealth
   646 | D        | Killed a human
   665 | D        | Learned a level 6 spell: Freezing Cloud
   702 | D        | Found a snail-covered altar of Cheibriados.
   703 | D        | Found a basalt altar of Yredelemnul.
   703 | D        | Found a blossoming altar of Fedhas.
   704 | D        | Reached ** piety under Dithmenos
   704 | D        | Reached XP level 8. HP: 42/42 MP: 21/21
   725 | D        | Noticed Josephine
   736 | D        | Killed Josephine
   736 | D        | Reached skill level 12 in Stealth
   765 | D        | Noticed a centaur warrior
   771 | D        | Killed a centaur warrior
   771 | D        | Reached *** piety under Dithmenos
   771 | D        | Reached skill level 13 in Stealth
   771 | D        | Reached skill level 10 in Spellcasting
   771 | D        | Reached XP level 9. HP: 46/46 MP: 10/24
   809 | D        | Killed a yaktaur
   854 | D        | Noticed an unseen horror
   856 | D        | Killed an unseen horror
   856 | D        | Reached skill level 5 in Fighting
   870 | D        | Reached **** piety under Dithmenos
   870 | D        | Reached skill level 5 in Ice Magic
   877 | D        | Reached skill level 14 in Stealth
   885 | D        | Reached ***** piety under Dithmenos
  1038 | D        | Reached XP level 10. HP: 46/51 MP: 6/26
  1040 | D        | Reached skill level 10 in Short Blades
  1174 | D        | Reached ****** piety under Dithmenos
  1491 | D        | Reached skill level 15 in Stealth
  1502 | D        | Learned a level 6 spell: Bolt of Cold
  1549 | D        | Reached skill level 5 in Armour
  1549 | D        | Reached skill level 5 in Conjurations
  1645 | D        | Noticed a lindwurm
  1650 | D        | Killed a lindwurm
  1659 | D        | Noticed Maud
  1661 | D        | Killed Maud
  1661 | D        | Reached skill level 16 in Stealth
  1661 | D        | Reached skill level 5 in Air Magic
  1661 | D        | Reached XP level 11. HP: 56/56 MP: 25/28
  1674 | D        | Learned a level 6 spell: Ozocubu's Refrigeration
  1679 | D        | Noticed a four-headed hydra
  1679 | D        | Noticed a seven-headed hydra
  1681 | D        | Noticed a death drake
  1685 | D        | Killed a death drake
  1710 | D        | Killed a seven-headed hydra
  1710 | D        | Reached skill level 15 in Dodging
  1743 | D        | Killed a four-headed hydra
  1743 | D        | Reached skill level 10 in Hexes
  1854 | D        | Found a blossoming altar of Fedhas.
  1854 | D        | Noticed a spriggan druid
  1856 | D        | Killed a spriggan druid
  1858 | D        | Reached skill level 17 in Stealth
  1887 | D        | Noticed a death drake
  1890 | D        | Killed a death drake
  1891 | D        | Noticed a death drake
  1894 | D        | Killed a death drake
  1909 | D        | Found Wudu's Gadget Emporium.
  1909 | D        | Found Nufowk's Magic Scroll Shop.
  1909 | D        | Found Zofanwoc's Antique Weapon Shoppe.
  2168 | D        | Noticed Rupert
  2170 | D        | Killed Rupert
  2170 | D        | Reached skill level 18 in Stealth
  2170 | D        | Reached XP level 12. HP: 63/63 MP: 25/31
  2200 | D        | Noticed an azure jelly
  2200 | D        | Noticed an azure jelly
  2518 | D        | Noticed an azure jelly
  2518 | D        | Noticed an azure jelly
  2749 | D        | Noticed an anaconda
  2758 | D        | Killed an anaconda
  2811 | D        | Noticed an anaconda
  2814 | D        | Noticed an anaconda
  2814 | D        | Noticed an anaconda
  2817 | D        | Killed an anaconda
  2819 | D        | Killed an anaconda
  2819 | D        | Reached skill level 19 in Stealth
  2825 | D        | Killed an anaconda
  2825 | D        | Reached skill level 15 in Spellcasting
  2882 | D        | Noticed an anaconda
  2887 | D        | Killed an anaconda
  2981 | D        | Noticed a naga warrior
  2981 | D        | Noticed a greater naga
  2981 | D        | Found Voomp's Magic Scroll Boutique.
  2981 | D        | Found Cionikim's Gadget Emporium.
  2981 | D        | Found Titol's Antique Weapon Shop.
  3001 | D        | Slain by a naga warrior

Vault maps used:
D:        dungeon_sprint_mu

Action                   |  1- 3 |  4- 6 |  7- 9 | 10-12 || total
-------------------------+-------+-------+-------+-------++-------
Melee: Dagger            |    18 |    20 |    52 |   202 ||   292
 Cast: Ensorcelled Hiber |     3 |     2 |    20 |    63 ||    88
       Dazzling Spray    |       |     5 |     3 |    25 ||    33
       Confuse           |       |       |     6 |     6 ||    12
       Tukima's Dance    |       |       |       |     3 ||     3
Invok: Shadow Step       |       |       |       |    10 ||    10
  Use: Scroll            |       |     4 |       |     1 ||     5
       Potion            |       |     2 |       |     2 ||     4
 Stab: Sleeping          |     5 |     6 |    19 |    59 ||    89
       Confused          |       |       |     3 |     4 ||     7
       Invisible         |       |       |     2 |     5 ||     7
  Eat: Bread ration      |       |       |       |     1 ||     1
